 Dungeon Crawl Stone Soup version 0.23.0 (webtiles) character file.

Game seed: 2437247095174083425

46 Borgoz the Cutter (level 3, -7/23 HPs)
             Began as a Kobold Monk on Feb 17, 2019.
             Killed from afar by a white imp (10 damage)
             ... with a puff of frost
             ... summoned by Natasha
             ... on level 2 of the Dungeon.
             The game lasted 00:02:20 (1268 turns).

Borgoz the Cutter (Kobold Monk)                     Turns: 1268, Time: 00:02:21

Health: -7/23      AC:  3    Str:  9    XL:     3   Next: 92%
Magic:  3/3        EV: 16    Int: 11    God:
Gold:   122        SH:  0    Dex: 17    Spells: 2/2 levels left

rFire    . . .     SeeInvis +   d - +0 dagger
rCold    . . .     Gourm    .   (shield restricted)
rNeg     . . .     Faith    .   l - +0 leather armour
rPois    +         Spirit   .   (no helmet)
rElec    .         Reflect  .   (no cloak)
rCorr    .         Harm     .   (no gloves)
MR       .....                  (no boots)
Stlth    ++........             (no amulet)
HPRegen  0.07/turn              i - ring of see invisible (curse)
MPRegen  0.08/turn              k - ring of poison resistance

@: about to teleport, flying
A: small, carnivore
a: no special abilities


You were on level 2 of the Dungeon.
You were very full.

You visited 1 branch of the dungeon, and saw 2 of its levels.

You collected 122 gold pieces.

Inventory:

Hand Weapons
 d - a +0 dagger (weapon)
Missiles
 h - 12 poisoned needles
Armour
 l - a +0 leather armour (worn)
 m - a +0 ring mail
Jewellery
 i - a cursed ring of see invisible (left hand)
 k - a ring of poison resistance (right hand)
 n - a cursed ring of teleportation {unknown}
Scrolls
 a - a scroll of amnesia
 e - a scroll of identify
 g - a scroll of magic mapping {unknown}
Comestibles
 c - 5 rations


   Skills:
 - Level 3.2 Fighting
 + Level 5.1 Short Blades
 + Level 4.6 Dodging
 - Level 2.6 Stealth


You had 2 spell levels left.
You didn't know any spells.
Your spell library was empty.

Dungeon Overview and Level Annotations

Branches:
Dungeon (2/15)

Altars:

Annotations:
D:2 Natasha


Innate Abilities, Weirdness & Mutations

You are small and have problems with some larger weapons.
You are carnivorous and can eat meat at any time.


Message History

The white imp gestures at you. The puff of frost hits you!
* * * LOW HITPOINT WARNING * * *
As you read the scroll labeled RUWEASM TEMIE, it crumbles to dust.
It is a scroll of identify.
a - a scroll of amnesia Natasha claws you.
* * * LOW HITPOINT WARNING * * *
The iron imp barely misses you.
The white imp hits you but does no damage.
As you read the scroll labeled UPUATHRI IXIE, it crumbles to dust.
You feel strangely unstable.
It was a scroll of teleportation.
Natasha barely misses you. The white imp gestures at you.
The puff of frost misses you. The iron imp completely misses you.
Okay, then.
Natasha closely misses you. The white imp gestures at you.
The puff of frost hits you!
You die...

###..............#
.................#
.................#
....######.......#
....######.......#######
........................
....#########....##.....
.......#########........
...............#@.......
.###...........#........
.###..........55h.......
..................#.....
.###..............#.....
.# #...........#### #.##
.# #........... ..#
.###........... .#
.....###.....##


You could see Natasha and a white imp.

Vanquished Creatures
  2 adders (D:2)
  A leopard gecko (D:2)
  2 bats (D:1)
  2 goblins (D:1)
  3 hobgoblins (D:1)
  5 jackals (D:1)
  A quokka (D:2)
  2 frilled lizards (D:1)
  5 kobolds (D:1)
  2 rats (D:1)
25 creatures vanquished.

Notes
Turn   | Place    | Note
-------+----------+-------------------------------------------
     0 | D:1      | Borgoz the Kobold Monk began the quest for the Orb.
     0 | D:1      | Reached XP level 1. HP: 14/14 MP: 1/1
   200 | D:2      | Reached XP level 2. HP: 18/19 MP: 2/2
   357 | D:1      | Reached XP level 3. HP: 23/23 MP: 3/3
   887 | D:2      | Reached skill level 5 in Short Blades
  1256 | D:2      | Noticed Natasha
  1268 | D:2      | Killed from afar by a white imp

Skill      XL: |  1  2  3 |
---------------+----------+-----
Dodging        | 4 |  4.6
Short Blades   | 5 |  5.1
Fighting       | |  3.2
Stealth        | |  2.6

Action                   || total
-------------------------++-------
Melee: Short sword       ||    40
       Dagger            ||   105
  Use: Potion            ||     4
       Scroll            ||     2
 Stab: Sleeping          ||     5
  Eat: Chunk             ||     9
Armor: Robe              ||     9
       Leather armour    ||     3
Dodge: Dodged            ||   105
